 Dungeon Crawl Stone Soup version 0.25-a0-161-gb7fd73d (webtiles) character file.

Game seed: 4638068642027972481, levelgen mode: deterministic

74 Burgerman5000 the Poker (level 4, -6/35 HPs)
             Began as a Merfolk Gladiator on Nov 22, 2019.
             Splashed by Ijyb's acid (14 damage)
             ... on level 3 of the Dungeon.
             The game lasted 00:04:17 (2026 turns).

Burgerman5000 the Poker (Merfolk Gladiator)         Turns: 2026, Time: 00:04:18

Health: -6/35      AC:  0    Str: 15    XL:     4   Next: 30%
Magic:  4/4        EV: 14    Int:  7    God:
Gold:   88         SH:  0    Dex: 15    Spells: 3/3 levels left

rFire    . . .     SeeInvis .   u - +1 dagger (venom)
rCold    . . .     Gourm    .   (no shield)
rNeg     + . .     Faith    .   b - +0 leather armour
rPois    .         Spirit   .   c - +0 helmet
rElec    .         Reflect  .   (no cloak)
rCorr    .         Harm     .   (no gloves)
MR       .....                  (no boots)
Stlth    +.........             (no amulet)
HPRegen  0.11/turn              n - ring of positive energy
MPRegen  0.09/turn              (no ring)

@: corroded
A: change form in water, swift swim, stealthy swim
a: no special abilities


You were on level 3 of the Dungeon.
You were not hungry.

You visited 1 branch of the dungeon, and saw 3 of its levels.

You collected 88 gold pieces.

Inventory:

Hand Weapons
 a - a +0 trident
 e - a +0 hand crossbow
 u - a +1 dagger of venom (weapon)
Missiles
 d - 3 throwing nets (quivered)
Armour
 b - a +0 leather armour (worn)
 c - a +0 helmet (worn)
Magical Staves
 y - an uncursed staff of power {unknown}
Jewellery
 n - a ring of positive energy (left hand)
Scrolls
 i - 4 scrolls of remove curse {unknown}
 j - 4 scrolls of identify {unknown}
 m - a scroll of blinking {unknown}
 o - a scroll of enchant armour {unknown}
 q - a scroll of immolation {unknown}
 r - a scroll of amnesia {unknown}
 s - a scroll of noise {unknown}
 t - a scroll of fear {unknown}
Potions
 g - 3 potions of curing {unknown}
 h - a potion of lignification {unknown}
 k - a potion of haste {unknown}
 l - 2 potions of resistance {unknown}
 p - a potion of flight {unknown}
 v - a potion of might {unknown}
 x - 2 potions of agility {unknown}
Comestibles
 f - 6 rations
 w - 4 chunks of flesh


   Skills:
 + Level 3.1 Fighting
 + Level 0.3 Short Blades
 - Level 5.1 Polearms
 - Level 2.0 Throwing
 + Level 1.2 Armour
 + Level 4.7 Dodging


You had 3 spell levels left.
You didn't know any spells.
Your spell library was empty.

Dungeon Overview and Level Annotations

Branches:
Dungeon (3/15)

Altars:
Uskayaw

Annotations:
D:3 Ijyb


Message History

The kobold barely misses you.
You hit the kobold but do no damage.
The kobold looks as sick butts possible!
The kobold is heavily wounded.
The kobold closely misses you.
You miss the kobold.
The kobold is severely wounded.
You kill the kobold!
No target in view!
j - 4 scrolls labeled SUN ETUDAOJI (gained 1)
You see here a kobold corpse.
Ijyb the Twisted Goblin comes into view.
She is wielding a +0 dagger, wearing a +0 leather armour of positive energy and carrying a wand of acid (11).
Ijyb moves out of view.
You aren't carrying any items that you can evoke without wielding.
Ijyb zaps a wand.
The bolt of acid hits you! The acid corrodes you!
You are splashed with acid!
Ijyb zaps a wand.
The bolt of acid butts you!
* * * LOW HITPOINT WARNING * * *
You are splashed with acid!
You die...

#..# .# #......#### #...
.# ##.....# #... ..
##...## #...##. #...#
.g... #...# . #..# #(..#
#..##..# #####...####
#......####...†.......#
###....@..<..........##
#....#.###...##.......#
#.....###.....###.####.#
...#####....8....### .
.## #........÷.)..#
#.>...###..)<.# #...###
###..)# ##### #####


You could see Ijyb.

Vanquished Creatures
  An adder (D:3)
  A worm (D:2)
  2 dart slugs
  A leopard gecko (D:2)
  4 orcs (D:3)
  A ball python (D:1)
  A giant cockroach (D:1)
  6 goblins
  3 hobgoblins
  5 jackals (D:2)
  2 quokkas
  7 bats
  4 frilled lizards
  10 kobolds
  3 rats
51 creatures vanquished.

Notes
Turn   | Place    | Note
-------+----------+-------------------------------------------
     0 | D:1      | Burgerman5000 the Merfolk Gladiator began the quest for the
                  | Orb.
     0 | D:1      | Reached XP level 1. HP: 16/16 MP: 1/1
     1 | D:1      | You fall into a shaft and drop 1 floor!
   107 | D:2      | Reached XP level 2. HP: 23/23 MP: 2/2
   506 | D:1      | Reached XP level 3. HP: 28/28 MP: 3/3
  1062 | D:1      | Reached skill level 1 in Armour
  1099 | D:1      | Reached skill level 5 in Polearms
  1314 | D:2      | Found a hide-covered altar of Uskayaw.
  1627 | D:3      | Reached XP level 4. HP: 22/35 MP: 4/4
  2022 | D:3      | Noticed Ijyb
  2026 | D:3      | Splashed by Ijyb's acid

Levels and vault maps discovered:
D:1:      dpeg_arrival_castle, layout_basic, minmay_tripent
D:2:      layout_loops_ring, nicolae_overflow_hidden_temple, first_ration,
          serial_bayou_pond_e
D:3:      layout_loops_cross, kennysheep_slug_shrine, grunt_ministairs_12,
          minmay_quantized, uniq_terence, uniq_ijyb, uniq_grinder

Skill      XL: |  1  2  3 |
---------------+----------+-----
Armour         | 1 |  1.2
Polearms       | 5 |  5.1
Fighting       | 3 |  3.1
Short Blades   | |  0.3
Throwing       | |  2.0
Dodging        | |  4.7

Action                   |  1- 3 |  4- 6 || total
-------------------------+-------+-------++-------
Melee: Trident           |   132 |    21 ||   153
       Dagger            |       |    16 ||    16
 Stab: Sleeping          |     2 |       ||     2
  Eat: Chunk             |     2 |     2 ||     4
Armor: Leather armour    |    18 |     8 ||    26
Dodge: Dodged            |    84 |    27 ||   111

Table legend:
 A = Non-vault XP
 B = Vault XP
 C = Vault XP percentage of total XP
 D = Non-vault monster count
 E = Vault monster count
 F = Vault count percentage of total count
                 A         B        C        D         E       F
            +---------+---------+-------+---------+---------+-------
      Total |      91 |      16 |  15.0 |      44 |       7 |  13.7
            +---------+---------+-------+---------+---------+-------
        D:1 |      29 |       2 |   6.5 |      17 |       2 |  10.5
        D:2 |      41 |       0 |   0.0 |      22 |       0 |   0.0
        D:3 |      21 |      14 |  40.0 |       5 |       5 |  50.0
            +---------+---------+-------+---------+---------+-------
